 Dungeon Crawl Stone Soup version 0.23-a0-29-g1be82e5 (webtiles) character file.

16 yoda5477 the Insei (level 2, 0/23 HPs)
             Began as a Gnoll Transmuter on Aug 3, 2018.
             Slain by a jackal (2 damage)
             ... on level 2 of the Dungeon.
             The game lasted 00:01:06 (66 turns).

yoda5477 the Insei (Gnoll Transmuter)                 Turns: 66, Time: 00:01:07

Health: 0/23       AC:  2    Str: 12    XL:     2   Next: 54%
Magic:  7/7        EV: 14    Int: 15    God:
Gold:   0          SH:  0    Dex: 15    Spells: 9/10 levels left

rFire    . . .     SeeInvis .     - Unarmed
rCold    . . .     Gourm    .   (no shield)
rNeg     . . .     Faith    .   b - +0 robe
rPois    .         Spirit   .   (no helmet)
rElec    .         Reflect  .   (no cloak)
rCorr    .         Harm     .   (no gloves)
MR       .....                  (no boots)
Stlth    ++........             (no amulet)
HPRegen  0.07/turn              (no ring)
MPRegen  0.10/turn              (no ring)

@: no status effects
A: distributed training, fangs 1, strong nose
a: no special abilities


You were on level 2 of the Dungeon.
You were not hungry.

You visited 1 branch of the dungeon, and saw 2 of its levels.

Inventory:

Hand Weapons
 e - a +0 club
Missiles
 a - 12 arrows
Armour
 b - a +0 robe (worn)
Scrolls
 c - a scroll of fear {unknown}
Comestibles
 d - a ration
 f - 2 chunks of flesh


   Skills:
 + Level 2.5 Fighting
 + Level 0.4 Short Blades
 + Level 0.4 Long Blades
 + Level 0.4 Axes
 + Level 0.4 Maces & Flails
 + Level 0.4 Polearms
 + Level 0.4 Staves
 + Level 0.4 Slings
 + Level 0.4 Bows
 + Level 0.4 Crossbows
 + Level 0.4 Throwing
 + Level 0.4 Armour
 + Level 4.5 Dodging
 + Level 0.4 Stealth
 + Level 0.4 Shields
 + Level 6.5 Unarmed Combat
 + Level 4.9 Spellcasting
 + Level 0.2 Conjurations
 + Level 0.2 Hexes
 + Level 0.2 Charms
 + Level 0.2 Summonings
 + Level 0.2 Necromancy
 + Level 0.2 Translocations
 + Level 3.7 Transmutations
 + Level 0.2 Fire Magic
 + Level 0.2 Ice Magic
 + Level 0.2 Air Magic
 + Level 0.2 Earth Magic
 + Level 0.2 Poison Magic
 + Level 0.5 Invocations
 + Level 0.4 Evocations


You had 9 spell levels left.
You knew the following spells:

 Your Spells              Type           Power        Failure   Level  Hunger
a - Beastly Appendage     Tmut           ##....       3%          1    None

Your spell library contained the following spells:

 Spells                   Type           Power        Failure   Level  Hunger
 Spider Form              Tmut/Pois      #.........   22%         3    ###....
 Blade Hands              Tmut           ##........   69%         5    ######.
 Ice Form                 Ice/Tmut       #.......     58%         4    ####...
 Sticks to Snakes         Tmut           ##......     5%          2    ##.....


Dungeon Overview and Level Annotations

Branches:
Dungeon (1/15)

Altars:


Innate Abilities, Weirdness & Mutations

Your experience applies equally to all skills.
You have very sharp teeth.
Your uncanny sense of smell can sniff out nearby items.


Message History

A goblin comes into view.
A jackal comes into view.
The jackal barks!
You hear a shout!
A jackal comes into view.
Things that are here:
a club; a hobgoblin corpse
e - a club
Found a hunting sling.
Found a stone staircase leading up.
Found a scroll labeled NIAROA TOERITO.
Found a stone staircase leading down.
You see here 2 gold pieces.
Found a scroll labeled LUXYUTHAWO.
Found a stone staircase leading down.
The jackal bites you but does no damage.
There is a stone staircase leading up here.
You miss the jackal. You bite the jackal, but do no damage.
The jackal bites you.
* * * LOW HITPOINT WARNING * * *
The jackal closely misses you.
You closely miss the jackal. The jackal barely misses you. x2
The jackal bites you.
You die...

###....$.......###
#..........#>.....
#.##......$.......
>#.#...............
.................).
...#...............
?..................
......hh...........
.......@...........
.......>.?.........
..................
############.....
#... ##


You could see 2 jackals.

Vanquished Creatures
  An ooze (D:2)
  A worm (D:2)
  A bat (D:2)
  A goblin (D:2)
  2 hobgoblins (D:2)
  A jackal (D:2)
  A rat (D:2)
8 creatures vanquished.

Notes
Turn   | Place    | Note
-------+----------+-------------------------------------------
     0 | D:1      | yoda5477 the Gnoll Transmuter began the quest for the Orb.
     0 | D:1      | Reached XP level 1. HP: 17/17 MP: 6/6
     9 | D:1      | You fall through a shaft!
    40 | D:2      | Reached XP level 2. HP: 12/23 MP: 7/7
    66 | D:2      | Slain by a jackal

Vault maps used:
D:1:      mrwooster_arrival_statue_2
D:2:      minivault_25, lemuel_blue_sif_altar

Action                   || total
-------------------------++-------
Melee: Unarmed           ||    26
       Bite              ||     4
 Cast: Beastly Appendage ||     1
Armor: Robe              ||     4
Dodge: Dodged            ||    11

Table legend:
 A = Spawn XP
 B = Non-spawn XP
 C = Spawn XP percentage of total XP
 D = Spawn monster count
 E = Non-spawn monster count
 F = Spawn count percentage of total count
 G = Total turns spent on level
                    A         B        C        D         E        F      G
               +---------+---------+-------+---------+---------+-------+---------
         Total |       0 |      23 |   0.0 |       0 |       8 |   0.0 |    66
               +---------+---------+-------+---------+---------+-------+---------
           D:2 |       0 |      23 |   0.0 |       0 |       8 |   0.0 |    57
               +---------+---------+-------+---------+---------+-------+---------
